 Dungeon Crawl Stone Soup version 0.31.0-32-g396128a36d (webtiles) character file.

Game seed: 1195792571409357341

1458 monsoonserge the Ruffian (level 8, 0/61 HPs)
             Began as a Gnoll Shapeshifter on Mar 11, 2024.
             Was an Initiate of Wu Jian.
             Slain by a manticore (4 damage)
             ... on level 6 of the Dungeon.
             The game lasted 00:12:00 (4963 turns).

monsoonserge the Ruffian (Gnoll Shapeshifter)       Turns: 4963, Time: 00:12:00

Health: 0/61       AC:  7    Str: 21    XL:     8   Next: 76%
Magic:  13/13      EV: 12    Int:  9    God:    Wu Jian [......]
Gold:   290        SH: 14    Dex: 18    Spells: 14/14 levels left

rFire   . .          .
                       - Unarmed
rCold   . . .        k - +4 kite shield of Makhleb's Inspiration {*Slow rPois rCorr Dex+5}
rNeg    . . .        B - +0 scale mail
rPois   +            (helmet currently unavailable)
rElec   .            (cloak currently unavailable)
rCorr   +            (gloves currently unavailable)
SInv    .            (boots currently unavailable)
Will    .....        (no amulet)
Stlth   +            E - +6 ring of strength
HPRegen 0.30/turn    (no ring)
MPRegen 0.13/turn

%: slow self (1%)
@: beast-form, spiked
A: beast (slay +4), fangs 1, strong nose, distributed training
a: Begin Untransformation, Renounce Religion


You were on level 6 of the Dungeon.
You worshipped Wu Jian.
Wu Jian was noncommittal.
You were a hulking beast.
You visited 2 branches of the dungeon, and saw 8 of its levels.

You collected 290 gold pieces.

Inventory:

Missiles
 j - 2 poisoned darts (quivered)
 x - 3 curare-tipped darts
 C - 3 atropa-tipped darts
Armour
 a - a +0 animal skin
 k - the +4 kite shield of Makhleb's Inspiration (worn) {*Slow rPois rCorr Dex+5}
   (You found it on level 4 of the Dungeon)

   Dex+5:     It affects your dexterity (+5).
   rPois:     It protects you from poison rCorr: It protects you from acid and
   corrosion.
   *Slow:     It may slow you when you take damage.
 r - a +0 leather armour
 y - a +0 ring mail
 B - a +0 scale mail (worn)
Jewellery
 m - an amulet of magic regeneration
 E - a +6 ring of strength (left hand)
Talismans
 c - a beast talisman
 d - a flux talisman
Wands
 b - a wand of light (5)
Scrolls
 g - 2 scrolls of blinking
 h - 3 scrolls of immolation {unknown}
 i - 3 scrolls of poison {unknown}
 n - 3 scrolls of enchant armour
 o - a scroll of noise
 p - 2 scrolls of enchant weapon
 q - 2 scrolls of fear
 v - a scroll of teleportation
 z - a scroll of silence
Potions
 e - 2 potions of curing
 f - a potion of haste {unknown}
 l - a potion of might {unknown}
 s - a potion of magic {unknown}
 t - a potion of heal wounds
 u - a potion of brilliance {unknown}
 w - 2 potions of ambrosia {unknown}
 A - 2 potions of berserk rage {unknown}
 D - a potion of degeneration {unknown}
 F - a potion of enlightenment {unknown}


   Skills:
 + Level 4.5 Fighting
 + Level 3.7 Short Blades
 + Level 3.7 Long Blades
 + Level 3.7 Axes
 + Level 3.7 Maces & Flails
 + Level 3.7 Polearms
 + Level 3.7 Staves
 + Level 3.7 Ranged Weapons
 + Level 3.7 Throwing
 + Level 3.7 Armour
 + Level 5.9 Dodging
 + Level 3.7 Stealth
 + Level 3.7 Shields
 + Level 7.6 Unarmed Combat
 + Level 3.7 Spellcasting
 + Level 3.0 Conjurations
 + Level 3.0 Hexes
 + Level 3.0 Summonings
 + Level 3.0 Necromancy
 + Level 3.0 Translocations
 + Level 3.0 Fire Magic
 + Level 3.0 Ice Magic
 + Level 3.0 Air Magic
 + Level 3.0 Earth Magic
 + Level 3.0 Alchemy
 + Level 4.0 Invocations
 + Level 3.7 Evocations
 + Level 7.4 Shapeshifting


You had 14 spell levels left.
You didn't know any spells.
Your spell library contained the following spells:

 Spells                   Type           Power      Damage    Failure   Level
 Kiss of Death            Conj/Necr      28%        2d7       45%         1
 Magic Dart               Conj           28%        1d4       45%         1
 Lesser Beckoning         Tloc           14%        N/A       58%         2
 Searing Ray              Conj           14%        2d5       58%         2
 Confusing Touch          Hex            7%         N/A       83%         3
 Gell's Gravitas          Tloc           7%         N/A       83%         3
 Teleport Other           Tloc           7%         N/A       83%         3
 Dispel Undead            Necr           7%         3d8       99%         4
 Fulminant Prism          Conj/Alch      3%         3d5       99%         4


Dungeon Overview and Level Annotations

Branches:
Dungeon (7/15)             Temple (1/1) D:5

Altars:
Ashenzari
Fedhas
Gozag
Kikubaaqudgha
Makhleb
Okawaru
Qazlal
Ru
Sif Muna
Trog
Uskayaw
Wu Jian
Xom
Yredelemnul

Annotations:
D:6 Menkaure


Innate Abilities, Weirdness & Mutations

You are a hulking beast.
Your limbs bulge with bestial killing power. (Slay +4)
You have very sharp teeth.
Your uncanny sense of smell can sniff out nearby items.
Your experience applies equally to all skills.


Message History

You kill the orc!
The Council accepts your kill.
Throw: 4 darts (poison)
Press: ? - help, Q - select action, (/) - cycle Shift-Dir - straight line, f - manticore
Aim: a manticore (76% to hit)
You throw a poisoned dart. The poisoned dart hits the manticore.
The manticore is poisoned.
The manticore flicks its tail.
The volley of spikes skewers you!
The barbed spikes become lodged in your body.
Throw: 3 darts (poison)
Press: ? - help, Q - select action, (/) - cycle Shift-Dir - straight line, f/p - manticore
Aim: a manticore (lightly wounded, poisoned, 76% to hit)
You throw a poisoned dart. The poisoned dart hits the manticore!
The manticore looks even sicker.
The manticore is lightly wounded.
You hit the manticore but do no damage.
The manticore is lightly wounded.
The manticore bites you!! You block the manticore's attack. x2
Okay, then.
Aiming: Bolt of Light
Press: ? - help, Shift-Dir - straight line, f/p - manticore
Aim: a manticore (very poisoned, 84% to hit)
The bolt of light hits the manticore!
The manticore is moderately wounded.
The manticore is blinded.
The manticore bites you!
* * * LOW HITPOINT WARNING * * *
The manticore claws you.
* * * LOW HITPOINT WARNING * * *
The manticore claws you.
* * * LOW HITPOINT WARNING * * *
It was a potion of heal wounds.
You feel much better. You block the manticore's attack.
The manticore claws you. You block the manticore's attack.
You hit the manticore but do no damage. Your bite misses the manticore.
The manticore is moderately wounded.
The manticore bites you!!
* * * LOW HITPOINT WARNING * * *
You block the manticore's attack. The manticore claws you.
You die...

#.#.# #.≈.≈≈≈.≈.#
#. ####.#.#
#.≈≈...≈≈.#
#######. ...#.#.#
#.≈≈._.≈≈.#
#....... ##.#.#.#
#.≈≈...≈≈.#
#.#####. .#.#.#.#
#.≈.≈≈≈.≈.# #.#
#. ##.#.#<#
#.≈.....≈.# #.#
#. ...#.#.#
#..≈≈≈≈≈..#####.#
#. ####.#.#
########......#
#. .....#.# #h#
######## #.
######.# #H######
#. .......#
#>(....# ##
######## #..###H#
#..# #.# #..# #.#
######.# ∆..##.#
#.##.####


You could see a manticore (blind, unable to see you, very poisoned).

Vanquished Creatures
  Prince Ribbit (D:6)
  A water moccasin (D:5)
  An ice beast (D:5)
  A black bear (D:5)
  2 ogres
  A bullfrog (D:6)
  5 scorpions
  5 hounds
  An orc priest (D:4)
  A bombardier beetle (D:5)
  2 jellies (D:6)
  An iguana (D:5)
  3 gnolls (D:5)
  4 adders
  A white imp (D:7)
  2 ufetubi (D:5)
  2 ribbon worms
  9 orcs
  4 ball pythons
  4 endoplasms
  5 giant cockroaches
  8 goblins
  11 hobgoblins
  A jackal (D:1)
  A quokka (D:3)
  5 bats
  A frilled lizard (D:2)
  6 kobolds
  5 rats
94 creatures vanquished.

Notes
Turn   | Place    | Note
-------+----------+-------------------------------------------
     0 | D:1      | monsoonserge the Gnoll Shapeshifter began the quest for the
                  | Orb.
     0 | D:1      | Reached XP level 1. HP: 17/17 MP: 1/1
    88 | D:1      | Reached XP level 2. HP: 23/23 MP: 2/2
   397 | D:1      | Reached XP level 3. HP: 28/28 MP: 3/3
  1087 | D:2      | Reached skill level 1 in Invocations
  1251 | D:2      | Reached skill level 1 in Short Blades
  1251 | D:2      | Reached skill level 1 in Long Blades
  1251 | D:2      | Reached skill level 1 in Axes
  1251 | D:2      | Reached skill level 1 in Maces & Flails
  1251 | D:2      | Reached skill level 1 in Polearms
  1251 | D:2      | Reached skill level 1 in Staves
  1251 | D:2      | Reached skill level 1 in Ranged Weapons
  1251 | D:2      | Reached skill level 1 in Throwing
  1251 | D:2      | Reached skill level 1 in Armour
  1251 | D:2      | Reached skill level 1 in Stealth
  1251 | D:2      | Reached skill level 1 in Shields
  1251 | D:2      | Reached skill level 1 in Spellcasting
  1251 | D:2      | Reached skill level 1 in Evocations
  2173 | D:4      | Identified the +4 kite shield of Makhleb's Inspiration
                  | {*Slow rPois rCorr Dex+5}
  2209 | D:4      | Reached XP level 4. HP: 28/34 MP: 5/5
  2368 | D:4      | Noticed a scorpion
  2373 | D:4      | Killed a scorpion
  2374 | D:4      | Reached skill level 1 in Conjurations
  2374 | D:4      | Reached skill level 1 in Hexes
  2374 | D:4      | Reached skill level 1 in Summonings
  2374 | D:4      | Reached skill level 1 in Necromancy
  2374 | D:4      | Reached skill level 1 in Translocations
  2374 | D:4      | Reached skill level 1 in Fire Magic
  2374 | D:4      | Reached skill level 1 in Ice Magic
  2374 | D:4      | Reached skill level 1 in Air Magic
  2374 | D:4      | Reached skill level 1 in Earth Magic
  2374 | D:4      | Reached skill level 1 in Alchemy
  2374 | D:4      | Reached XP level 5. HP: 40/40 MP: 5/7
  2697 | D:4      | Reached XP level 6. HP: 41/47 MP: 8/8
  2745 | D:5      | Entered Level 5 of the Dungeon
  2776 | D:5      | Noticed a black bear
  2786 | D:5      | Killed a black bear
  2787 | D:5      | Reached skill level 5 in Dodging
  2846 | D:5      | Found a blossoming altar of Fedhas.
  2920 | D:5      | Found a staircase to the Ecumenical Temple.
  2924 | D:5      | Reached XP level 7. HP: 52/52 MP: 10/10
  2932 | Temple   | Entered the Ecumenical Temple
  2948 | Temple   | Became a worshipper of the Wu Jian Council
  3445 | D:5      | Reached XP level 8. HP: 27/60 MP: 12/12
  3664 | D:5      | Found a sacrificial altar of Ru.
  4241 | D:6      | Noticed Prince Ribbit
  4251 | D:6      | Killed Prince Ribbit
  4589 | D:6      | Found an iron altar of Okawaru.
  4919 | D:6      | Noticed a manticore
  4919 | D:6      | Noticed Menkaure
  4932 | D:7      | Found the ring of the Mage {Wiz Archmagi}
  4944 | D:7      | Noticed a two-headed ogre
  4963 | D:6      | Slain by a manticore

Illustrated notes

Levels and vault maps discovered:
D:1:      dpeg_arrival_rhombus, layout_basic, minmay_misc_feat_cross,
          minmay_pentomino_o2
D:2:      layout_basic
D:3:      layout_basic, minmay_misc_feat_hallway, chequers_serial_rivers_large_b
D:4:      layout_gridville
D:5:      layout_basic, nicolae_ru_the_path_less_chosen,
          mainiacjoe_overflow_boulevard, minmay_temple_entry_crystal_x,
          minmay_misc_feat_diagonals
D:6:      layout_basic, mainiacjoe_overflow_paths, minmay_manual_monstrance,
          uniq_prince_ribbit1, uniq_menkaure
D:7:      layout_rooms, kennysheep_mini
Temple:   jpeg_temple_clearing

Skill      XL: |  1  2  3  4  5  6  7  8 |
---------------+-------------------------+-----
Invocations    | 1 2 3 4 |  4.0
Short Blades   | 1 2 3 |  3.7
Long Blades    | 1 2 3 |  3.7
Axes           | 1 2 3 |  3.7
Maces & Flails | 1 2 3 |  3.7
Polearms       | 1 2 3 |  3.7
Staves         | 1 2 3 |  3.7
Ranged Weapons | 1 2 3 |  3.7
Throwing       | 1 2 3 |  3.7
Armour         | 1 2 3 |  3.7
Stealth        | 1 2 3 |  3.7
Shields        | 1 2 3 |  3.7
Spellcasting   | 1 2 3 |  3.7
Evocations     | 1 2 3 |  3.7
Conjurations   | 1 2 3 |  3.0
Hexes          | 1 2 3 |  3.0
Summonings     | 1 2 3 |  3.0
Necromancy     | 1 2 3 |  3.0
Translocations | 1 2 3 |  3.0
Fire Magic     | 1 2 3 |  3.0
Ice Magic      | 1 2 3 |  3.0
Air Magic      | 1 2 3 |  3.0
Earth Magic    | 1 2 3 |  3.0
Alchemy        | 1 2 3 |  3.0
Fighting       | 3 4 |  4.5
Dodging        | 5 |  5.9
Unarmed Combat | 7 |  7.6
Shapeshifting  | 7 |  7.4

Action                     |  1- 3 |  4- 6 |  7- 9 || total
---------------------------+-------+-------+-------++-------
  Melee: Unarmed           |   114 |    51 |   116 ||   281
         Bite              |    10 |     4 |    24 ||    38
         Punch             |     3 |       |       ||     3
  Throw: Dart              |       |       |    13 ||    13
Ability: Lunge             |       |       |    11 ||    11
  Evoke: Wand              |       |       |     1 ||     1
    Use: Scroll            |     4 |     1 |     3 ||     8
         Potion            |       |     1 |     1 ||     2
 Armour: Animal skin       |    33 |       |       ||    33
         Leather armour    |    11 |       |       ||    11
         Ring mail         |       |    16 |     5 ||    21
         Skin              |       |    11 |       ||    11
         Scale mail        |       |       |    38 ||    38
  Dodge: Dodged            |    53 |    16 |    33 ||   102
  Block: Kite shield       |       |    37 |    67 ||   104
